 Dungeon Crawl Stone Soup version 0.31-a0-210-gccc998df9b (webtiles) character file.

Game seed: 13317073112165512223

99586 pokeman the Sorcerer (level 15, -3/95 HPs)
             Began as a Deep Elf Hedge Wizard on June 28, 2023.
             Was a High Priest of Vehumet.
             Succumbed to a sea snake's poison
             ... on level 1 of the Shoals on June 29, 2023.
             The game lasted 01:52:50 (30780 turns).

pokeman the Sorcerer (Deep Elf Hedge Wizard)       Turns: 30780, Time: 01:52:51

Health: -3/95      AC: 17    Str: 13    XL:     15   Next: 78%
Magic:  5/43       EV: 11    Int: 27    God:    Vehumet [*****.]
Gold:   2289       SH:  0    Dex: 14    Spells: 29/58 levels left

rFire   . . .        s - +8 morningstar "Spiderbane" {holy, rC+ Str+6 Stlth+}
rCold   + . .        (no shield)
rNeg    . . .        M - +0 swamp dragon scales
rPois   +            Q - +2 hat
rElec   .            v - +0 cloak
rCorr   .            A - +0 pair of gloves
SInv    .            c - +1 pair of boots {rampage}
Will    +....        f - amulet of regeneration
Stlth   +++          j - ring of flight
HPRegen 1.15/turn    V - ring of wizardry
MPRegen 0.28/turn

%: rampage, wizardry (x1)
@: lethally poisoned (-3 -> -48), marked, flying, studying Fighting
A: no striking features
a: Renounce Religion


You were on level 1 of the Shoals.
You worshipped Vehumet.
Vehumet was extremely pleased with you.
You visited 5 branches of the dungeon, and saw 24 of its levels.
You also visited: Ossuary and Bailey.

You collected 2649 gold pieces.
You spent 360 gold pieces at shops.

Inventory:

Hand Weapons
 s - the +8 morningstar "Spiderbane" (weapon) {holy, rC+ Str+6 Stlth+}
   (You found it on level 12 of the Dungeon)

   Str:       It affects your strength (+6).
   rC:        It protects you from cold.
   Stlth:     It makes you more stealthy.
Missiles
 E - 10 curare-tipped darts
 N - 4 throwing nets
Armour
 c - a +1 pair of boots of rampaging (worn)
 o - a +1 robe of cold resistance
 q - a +2 ring mail of fire resistance
 v - a +0 cloak (worn)
 A - a +0 pair of gloves (worn)
 M - +0 swamp dragon scales (worn)
 Q - a +2 hat (worn)
Magical Staves
 u - a staff of cold
 X - a staff of fire
Jewellery
 a - a ring of protection from cold
 f - an amulet of regeneration (around neck)
 j - a ring of flight (left hand)
 m - a ring of ice
 y - a ring of fire
 V - a ring of wizardry (right hand)
Wands
 e - a wand of light (1)
 l - a wand of roots (8)
 r - a wand of polymorph (9)
 D - a wand of digging (7)
Scrolls
 h - a scroll of brand weapon
 k - 2 scrolls of blinking
 n - a scroll of enchant weapon
 t - 10 scrolls of teleportation
 w - a scroll of enchant armour
 G - 7 scrolls of revelation
 H - 4 scrolls of fear
 R - a scroll of acquirement {unknown}
 Y - 3 scrolls of poison {unknown}
Potions
 b - a potion of invisibility
 d - a potion of magic
 g - 13 potions of heal wounds
 p - 8 potions of curing
 B - a potion of haste {unknown}
Miscellaneous
 i - a phial of floods
 z - a piece from Xom's chessboard (15/15)
 C - a tin of tremorstones (2/2)
 W - a phantom mirror


   Skills:
 + Level 11.4 Fighting
 + Level 9.0 Armour
 - Level 3.0 Dodging
 - Level 3.0 Stealth
 * Level 22.1 Spellcasting
 + Level 13.5 Conjurations
 - Level 2.3 Summonings
 - Level 1.1 Translocations
 + Level 10.0 Fire Magic
 + Level 0.7 Ice Magic
 - Level 1.1 Air Magic
 + Level 9.7 Earth Magic
 - Level 1.2 Poison Magic
 - Level 1.0 Evocations


You had 29 spell levels left.
You knew the following spells:

 Your Spells              Type           Power      Damage    Failure   Level
a - Magic Dart            Conj           100%       1d8       0%          1
b - Mephitic Cloud        Conj/Pois/Air  55%        N/A       1%          3
c - Call Imp              Summ           84%        N/A       1%          2
d - Blink                 Tloc           70%        N/A       1%          2
e - Iskenderun's Mystic   Conj/Tloc      62%        2d13      1%          4
f - Lee's Rapid Deconstr  Erth           35%        3d18*     1%          5
g - Leda's Unmaking       Conj/Erth      37%        9d7       1%          6
h - Starburst             Conj/Fire      38%        6d11      1%          6

Your spell library contained the following spells:

 Spells                   Type           Power      Damage    Failure   Level
 Apportation              Tloc           70%        N/A       1%          1
 Necrotise                Necr           100%       1d9       1%          1
 Slow                     Hex            100%       N/A       1%          1
 Summon Small Mammal      Summ           100%       N/A       1%          1
 Cigotuvi's Dreadful Rot  Necr/Pois/Air  68%        N/A       1%          2
 Ensorcelled Hibernation  Hex/Ice        62%        N/A       1%          2
 Sublimation of Blood     Necr           29%        N/A       1%          2
 Wereblood                Tmut           29%        N/A       1%          2
 Volatile Blastmotes      Fire/Tloc      100%       2d18      1%          3
 Fulminant Prism          Conj/Hex       30%        3d15      1%          4
 Petrify                  Tmut/Erth      54%        N/A       1%          4
 Spider Form              Tmut/Pois      33%        N/A       2%          3
 Borgnjor's Vile Clutch   Necr/Erth      27%        N/A       3%          5
 Passage of Golubria      Tloc           35%        N/A       6%          4
 Anguish                  Hex/Necr       14%        N/A       9%          4
 Lehudib's Crystal Spear  Conj/Erth      37%        10d9      14%         8
 Statue Form              Tmut/Erth      36%        N/A       19%         6
 Alistair's Intoxication  Tmut/Pois      22%        N/A       21%         5
 Silence                  Hex/Air        16%        N/A       21%         5
 Metabolic Englaciation   Hex/Ice        15%        N/A       22%         5
 Eringya's Noxious Bog    Tmut/Pois      16%        N/A       26%         6
 Summon Hydra             Summ           21%        N/A       95%         7


Dungeon Overview and Level Annotations

Branches:
Dungeon (15/15)            Temple (1/1) D:4            Lair (5/5) D:10
 Shoals (1/4) Lair:2        Snake (0/4) Lair:2        Slime (0/5) Lair:4
    Orc (2/2) D:10            Elf (0/3) Orc:2        Vaults (0/5) D:13
 Depths (0/4) D:15        Ossuary (visited)          Bailey (visited)

Altars:
Ashenzari
Cheibriados
Dithmenos
Elyvilon
Fedhas
Gozag
Hepliaklqana
Kikubaaqudgha
Makhleb
Nemelex Xobeh
Okawaru
Qazlal
Ru
Sif Muna
Trog
Uskayaw
Vehumet
Wu Jian
Xom
Yredelemnul
Zin
The Shining One
Jiyva
Lugonu

Shops:
D:3 (   D:7 =   D:11 !   D:13 =   D:14 **   Orc:2 *([*=*   Shoals:1 *

Portals:
Abyss: D:5
Trove: D:15 (give 17 scrolls of teleportation)

Annotations:
D:14 3 runed translucent doors, 1 transporter, Ynonecli's ghost, journeyman NaHu
Lair:3 2 transporters, CoordinateN's ghost, journeyman MiBe


Message History

You feel stable enough to blink again.
A nearby plant withers and dies.
The sea snake closely misses you.
Okay, then.
Unknown command.
A nearby plant withers and dies.
The sea snake bites you but does no damage.
A merfolk comes into view. It is wielding a +0 trident.
The sea snake barely misses you. The sea snake closely misses you.
A manticore comes into view.
The sea snake bites you.
* * * LOW HITPOINT WARNING * * *
The sea snake bites you!
* * * LOW HITPOINT WARNING * * *
Unknown command.
Blink to where?
Press: ? - help, Dir - move target, p - sea snake A sea snake comes into view.
As you read the scroll of blinking, it crumbles to dust.
A harpy zombie comes into view.
The sea snake attacks as you move away! The sea snake barely misses you.
Aiming: Bolt of Light
Press: ? - help, Shift-Dir - straight line, f - sea snake
Aim: a sea snake (53% to hit)
The bolt of light misses the sea snake.
The bolt of light hits the sea snake!
The sea snake is severely wounded.
The sea snake is blinded.
The harpy zombie claws you.
* * * LOW HITPOINT WARNING * * *
The harpy zombie claws you but does no damage.
The harpy zombie barely misses you.
The harpy zombie claws you but does no damage.
The sea snake barely misses you. The harpy zombie claws you.
* * * LOW HITPOINT WARNING * * *
The harpy zombie completely misses you. The sea snake bites you.
* * * LOW HITPOINT WARNING * * *
You are lethally poisoned!
The sea snake poisons you! The sea snake attacks as you move away!
The sea snake bites you but does no damage.
You die...

≈≈≈~###...~~~~ ~~~..~≈~~~~P≈≈≈≈≈
~≈≈~.....~~~~~~~~~..~≈≈~.~~P≈≈≈PP
........)~~~~~~~~~~.≈≈≈.~~~P~~PP~
...~..~~~~~~~~~~~~~~~~~~.~~~~PP~~
.....~~~~~~~~~..~~~~~~~~~~~~~~P~~
##..~~~~~~.........~~~~~~~~~~.~≈≈
##...~~~~..~~~....~~~~.~~~~~~~~≈≈
.....~~~~~~~~~...###....~~~~~~~≈≈
.....~~~~~~~~~~.@###....~~~~~~~~~
.>.....~~~~.~...Z.#.....~~~...~..
..............#...S..~~~~~~.##...
..................S..)~~~~~##.m..
..........~~~..####).~~~m~~...~~~
.......~~~~~~..# ##..~~~~~~~~~~~~
.......~~~~~~..###.....~~~?~~~~~~
......~~~~~~~...#..........~~~~~~
.....~~~~~~~~~~....)#...~~~§~~~~~


You could see 2 sea snakes and a harpy zombie.

Vanquished Creatures
  Frances (D:14)
  A tengu reaver (D:12)
  Roxanne (D:14)
  2 orc warlords
  A merfolk impaler (Shoals:1)
  2 fire dragons (D:15)
  Josephine (Lair:4)
  3 vault guards (D:13)
  3 hydras
  Fannar (Lair:1)
  Erica (D:11)
  4 catoblepae
  A merfolk avatar (Lair:5)
  A death knight (D:15)
  6 centaur warriors
  5 boulder beetles
  4 two-headed ogres
  Urug (D:10)
  Sonja (D:11)
  3 orc high priests
  Nergalle (D:11)
  A sea snake (Lair:5)
  6 skysharks
  7 skeletal warriors
  2 wizards
  5 orc knights
  3 deep elf pyromancers
  6 manticores
  5 orc sorcerers
  3 fauns (Shoals:1)
  3 cyclopes
  3 ugly things
  3 elephants (Lair:5)
  A merfolk siren (Shoals:1)
  Maurice (Orc:1)
  6 black mambas
  A water nymph (Shoals:1)
  3 gargoyles
  Joseph (Lair:1)
  12 cane toads
  Maggie (D:7)
  2 kobold demonologists (D:9)
  An efreet (D:12)
  5 rime drakes
  An unseen horror (D:12)
  8 komodo dragons
  A guardian mummy (D:15)
  2 freezing wraiths (D:15)
  5 meliai
  4 polar bears
  8 trolls
  2 merfolk (Shoals:1)
  A tarantella (shapeshifter) (D:10)
  3 hornets
  16 blink frogs
  2 wind drakes (Shoals:1)
  5 snapping turtles
  6 dream sheep (Lair:4)
  7 slime creatures
  A shadow (D:11)
  2 wyverns
  A water elemental (D:14)
  3 wraiths (Lair:4)
  A vampire (D:11)
  53 yaks
  8 humans (D:13)
  4 basilisks
  5 vampire mosquitoes
  A steam dragon (Lair:5)
  4 nagas (Lair:2)
  5 wargs
  An acid dragon (D:12)
  8 water moccasins
  43 orc warriors
  2 sky beasts (D:8)
  3 black bears
  An ice beast (D:5)
  8 ogres
  10 wolves
  9 centaurs
  5 kobold brigands
  20 bullfrogs
  4 scorpions
  10 wights
  3 electric eels
  9 howler monkeys
  4 jellies
  A hound (D:5)
  A human zombie (D:7)
  28 orc priests
  3 gnoll boudas
  5 iguanas
  2 sleepcaps
  2 hell rats (Lair:4)
  23 orc wizards
  A boggart simulacrum (D:15)
  13 mummies (Ossuary)
  29 gnolls
  7 adders
  6 river rats (Lair:4)
  A shadow imp (D:6)
  A white imp (D:8)
  5 worms
  5 dart slugs
  86 orcs
  7 ball pythons
  14 endoplasms
  A giant cockroach (D:4)
  20 goblins
  24 hobgoblins
  8 jackals
  35 kobolds
  3 quokkas
  8 bats
  A frilled lizard (D:1)
  A gnoll skeleton (Ossuary)
  2 goblin skeletons (Ossuary)
  3 kobold skeletons (Ossuary)
  2 orc skeletons (Ossuary)
  7 rats
  11 rat skeletons (Ossuary)
790 creatures vanquished.

Vanquished Creatures (collateral kills)
  A two-headed ogre (D:11)
  A komodo dragon (Lair:1)
  A troll (D:12)
  2 blink frogs (Lair:1)
  A kobold brigand (D:5)
  A scorpion (D:7)
  A wight (D:7)
  An orc wizard (D:12)
  2 endoplasms (D:2)
  3 kobolds
14 creatures vanquished.

Vanquished Creatures (others)
  A vault guard (D:13)
  A cane toad (Lair:1)
  A meliai (D:12)
  A slime creature (D:12)
4 creatures vanquished.

Grand Total: 808 creatures vanquished

Notes
Turn   | Place    | Note
-------+----------+-------------------------------------------
     0 | D:1      | pokeman the Deep Elf Hedge Wizard began the quest for the
                  | Orb.
     0 | D:1      | Reached XP level 1. HP: 10/10 MP: 7/7
   187 | D:1      | Reached XP level 2. HP: 16/16 MP: 1/9
   701 | D:1      | Reached skill level 5 in Spellcasting
   744 | D:1      | Reached XP level 3. HP: 20/20 MP: 3/11
   748 | D:1      | Learned a level 3 spell: Mephitic Cloud
   751 | D:1      | Learned a level 2 spell: Call Imp
   754 | D:1      | Learned a level 2 spell: Blink
   887 | D:1      | Reached skill level 1 in Fighting
  1293 | D:2      | Reached skill level 1 in Armour
  1658 | D:2      | Reached XP level 4. HP: 25/25 MP: 0/13
  2061 | D:2      | Reached skill level 6 in Spellcasting
  2140 | D:2      | Reached XP level 5. HP: 29/29 MP: 11/15
  2932 | D:3      | Identified the +2 quarterstaff of Floods {freeze, rElec}
  3072 | D:3      | Found Fiepn's Weapon Shop.
  3562 | D:3      | Found a burning altar of Makhleb.
  3776 | D:4      | Reached XP level 6. HP: 17/34 MP: 5/17
  3976 | D:4      | Reached skill level 7 in Spellcasting
  3976 | D:4      | Reached skill level 1 in Evocations
  4111 | D:4      | Found a blossoming altar of Fedhas.
  4127 | D:4      | Reached skill level 1 in Air Magic
  4127 | D:4      | Reached skill level 1 in Poison Magic
  4163 | D:4      | Found a staircase to the Ecumenical Temple.
  4168 | Temple   | Entered the Ecumenical Temple
  4251 | Temple   | Became a worshipper of Vehumet
  4409 | D:4      | Found a glowing golden altar of the Shining One.
  4518 | D:5      | Entered Level 5 of the Dungeon
  4579 | D:5      | Reached XP level 7. HP: 38/38 MP: 8/20
  4623 | D:5      | Reached skill level 8 in Spellcasting
  4869 | D:5      | Found a snail-covered altar of Cheibriados.
  4938 | D:5      | Reached skill level 1 in Earth Magic
  5046 | D:5      | Reached * piety under Vehumet
  5046 | D:5      | Offered knowledge of Sandblast by Vehumet.
  5073 | D:5      | Found a large runed translucent door.
  5073 | D:5      | Found a large runed translucent door.
  5076 | D:5      | Found a corrupted altar of Lugonu.
  5227 | D:5      | Reached XP level 8. HP: 44/44 MP: 18/22
  5334 | D:5      | Reached skill level 9 in Spellcasting
  5630 | D:5      | Found a one-way gate to the infinite horrors of the Abyss.
  6004 | D:6      | Reached skill level 5 in Conjurations
  6317 | D:6      | Reached skill level 10 in Spellcasting
  6728 | D:7      | Offered knowledge of Scorch by Vehumet.
  6749 | D:7      | Found a sand-covered staircase.
  6754 | D:7      | Reached ** piety under Vehumet
  6794 | Ossuary  | Entered an ossuary
  7409 | Ossuary  | Offered knowledge of Ignite Poison by Vehumet.
  7646 | D:7      | Reached XP level 9. HP: 24/47 MP: 18/25
  7715 | D:7      | Found Vegem's Jewellery Boutique.
  7721 | D:7      | Noticed Maggie
  7777 | D:7      | Killed Maggie
  7778 | D:7      | Reached skill level 11 in Spellcasting
  7820 | D:7      | Reached *** piety under Vehumet
  7945 | D:7      | Offered knowledge of Inner Flame by Vehumet.
  8445 | D:8      | Reached skill level 12 in Spellcasting
  8445 | D:8      | Reached skill level 5 in Earth Magic
  8462 | D:8      | Reached **** piety under Vehumet
  8476 | D:8      | Offered knowledge of Frozen Ramparts by Vehumet.
  8605 | D:8      | Found a flagged portal.
  8657 | Bailey   | Entered a bailey
  8823 | Bailey   | Reached XP level 10. HP: 29/56 MP: 26/28
  9116 | Bailey   | Noticed an orc knight
  9152 | Bailey   | Killed an orc knight
  9153 | Bailey   | Reached skill level 13 in Spellcasting
  9336 | Bailey   | Reached ***** piety under Vehumet
  9350 | Bailey   | Noticed an orc warlord
  9382 | Bailey   | Killed an orc warlord
  9463 | Bailey   | Noticed an orc knight
  9507 | Bailey   | Killed an orc knight
  9567 | Bailey   | Offered knowledge of Conjure Ball Lightning by Vehumet.
  9568 | Bailey   | Reached skill level 14 in Spellcasting
 10139 | D:8      | Reached XP level 11. HP: 61/62 MP: 31/31
 10360 | D:9      | Noticed a two-headed ogre
 10378 | D:9      | Killed a two-headed ogre
 10379 | D:9      | Reached skill level 5 in Fighting
 10927 | D:9      | Reached skill level 15 in Spellcasting
 10942 | D:9      | Found a shimmering altar of Xom.
 10944 | D:9      | Found a broken altar of Ashenzari.
 10949 | D:9      | Found a shadowy altar of Dithmenos.
 10951 | D:9      | Found a bloodstained altar of Trog.
 11206 | D:10     | Entered Level 10 of the Dungeon
 11359 | D:10     | Found a staircase to the Orcish Mines.
 11704 | D:10     | Found a staircase to the Lair.
 11733 | D:10     | Noticed Urug
 11827 | D:10     | Killed Urug
 11992 | D:10     | Noticed a two-headed ogre
 12014 | D:10     | Killed a two-headed ogre
 12015 | D:10     | Reached skill level 1 in Fire Magic
 12542 | D:11     | Noticed Sonja
 12552 | D:11     | Killed Sonja
 12553 | D:11     | Reached skill level 16 in Spellcasting
 12590 | D:11     | Noticed Nergalle
 12616 | D:11     | Killed Nergalle
 12645 | D:11     | Noticed a centaur warrior
 12993 | D:11     | Killed a centaur warrior
 12993 | D:11     | Offered knowledge of Olgreb's Toxic Radiance by Vehumet.
 12994 | D:11     | Reached XP level 12. HP: 45/70 MP: 25/34
 13004 | D:11     | Reached skill level 5 in Armour
 13015 | D:11     | Noticed Erica
 13103 | D:11     | Killed Erica
 13418 | D:11     | Noticed a two-headed ogre
 13439 | D:11     | Killed a two-headed ogre
 13440 | D:11     | Reached skill level 10 in Conjurations
 13501 | D:11     | Found Keoturgh's Distillery.
 13509 | D:11     | Bought a potion of heal wounds for 70 gold pieces
 13704 | D:12     | Noticed a two-headed ogre
 13717 | D:12     | Killed a two-headed ogre
 13770 | D:12     | Noticed a boulder beetle
 13784 | D:12     | Killed a boulder beetle
 13785 | D:12     | Reached skill level 17 in Spellcasting
 13866 | D:12     | Noticed a two-headed ogre
 13894 | D:12     | Killed a two-headed ogre
 14091 | Lair:1   | Entered Level 1 of the Lair of Beasts
 14091 | Lair:1   | Found an ornate altar of the Wu Jian Council.
 14111 | Lair:1   | Reached skill level 5 in Fire Magic
 14124 | Lair:1   | Noticed Fannar
 14146 | Lair:1   | Killed Fannar
 14371 | Lair:1   | You are sucked into a shaft and drop 1 floor!
 14410 | Lair:2   | Reached skill level 18 in Spellcasting
 14654 | Lair:1   | Learned a level 4 spell: Iskenderun's Mystic Blast
 14660 | Lair:1   | Learned a level 5 spell: Lee's Rapid Deconstruction
 14827 | Lair:1   | Noticed Joseph
 14844 | Lair:1   | Killed Joseph
 14845 | Lair:1   | Reached XP level 13. HP: 75/76 MP: 37/37
 15598 | Lair:2   | Found a staircase to the Shoals.
 15733 | Lair:2   | Found a staircase to the Snake Pit.
 16407 | Lair:3   | Offered knowledge of Yara's Violent Unravelling by Vehumet.
 16594 | Lair:3   | Reached skill level 19 in Spellcasting
 16710 | Lair:3   | Upgraded the game from 0.31-a0-208-gdb31a4691d to
                  | 0.31-a0-210-gccc998df9b
 16818 | Lair:3   | Found a transporter.
 16818 | Lair:3   | Found a transporter.
 16820 | Lair:3   | Noticed CoordinateN's ghost (journeyman MiBe)
 16847 | Lair:3   | Found a bloodstained altar of Trog.
 18223 | Lair:4   | Identified the +3 robe of Liberty {Regen+}
 18359 | Lair:4   | Noticed Josephine
 18372 | Lair:4   | Killed Josephine
 18856 | Lair:4   | Found a viscous altar of Jiyva.
 18857 | Lair:4   | Found a staircase to the Slime Pits.
 19070 | Lair:5   | Entered Level 5 of the Lair of Beasts
 19422 | Lair:5   | Offered knowledge of Leda's Unmaking by Vehumet.
 19566 | Lair:5   | Reached XP level 14. HP: 84/84 MP: 17/39
 20085 | Lair:5   | Reached skill level 20 in Spellcasting
 21288 | Temple   | Learned a level 6 spell: Leda's Unmaking
 21390 | Orc:1    | Entered Level 1 of the Orcish Mines
 21390 | Orc:1    | You are sucked into a shaft and drop 1 floor!
 21390 | Orc:2    | Entered Level 2 of the Orcish Mines
 21396 | Orc:2    | Found Nasizufu's Assorted Antiques.
 21429 | Orc:2    | Bought a pair of runed boots for 225 gold pieces
 21647 | Orc:1    | Noticed Maurice
 21696 | Orc:1    | Killed Maurice
 21754 | Orc:1    | Found a bloodstained altar of Trog.
 22194 | Orc:2    | Found Ilimeif's Gadget Gallery.
 22504 | Orc:2    | Noticed an orc warlord
 22810 | Orc:2    | Found a staircase to the Elven Halls.
 22827 | Orc:2    | Offered knowledge of Arcjolt by Vehumet.
 23056 | Orc:2    | Killed an orc warlord
 23486 | Orc:2    | Reached skill level 10 in Fighting
 23509 | Orc:2    | Found Qoam's General Store.
 23522 | Orc:2    | Found Radeotru's Antique Armour Shop.
 23522 | Orc:2    | Found Duexece's Antique Weapon Boutique.
 23523 | Orc:2    | Found Kapheph's Jewellery Shop.
 23564 | Orc:2    | Bought a potion of curing for 39 gold pieces
 23564 | Orc:2    | Bought a scroll of identify for 26 gold pieces
 24173 | D:12     | Noticed a tengu reaver
 24177 | D:12     | Killed a tengu reaver
 24178 | D:12     | Reached skill level 21 in Spellcasting
 24311 | D:12     | Identified the +8 morningstar "Spiderbane" {holy, rC+ Str+6
                  | Stlth+}
 25293 | D:13     | Identified the +2 scale mail "Mezuaz" {rPois rF+ rC-
                  | Will++}
 25600 | D:13     | Found Xat Birph's Jewellery Boutique.
 25619 | D:13     | Reached XP level 15. HP: 83/92 MP: 39/42
 26238 | D:13     | Found a gate to the Vaults.
 26500 | D:14     | Found a runed translucent gate.
 26500 | D:14     | Found a runed translucent gate.
 26500 | D:14     | Found a runed translucent gate.
 26501 | D:14     | Found an opulent altar of Gozag.
 26502 | D:14     | Noticed Ynonecli's ghost (journeyman NaHu)
 26503 | D:14     | Noticed a tengu reaver
 26504 | D:14     | Found Xomp's Assorted Antiques.
 26504 | D:14     | Found Beazibbo's Assorted Antiques.
 26742 | D:14     | Noticed a sphinx
 26842 | D:14     | Noticed Roxanne
 27150 | D:14     | Noticed Frances
 27156 | D:14     | Killed Frances
 27322 | D:14     | Offered knowledge of Starburst by Vehumet.
 27642 | D:14     | Identified the ring of Xom's Sleight of Hands {rC- Will+
                  | Dex+5}
 27704 | D:14     | Found a radiant altar of Vehumet.
 27708 | D:14     | Found a transporter.
 27718 | D:14     | Killed Roxanne
 27960 | D:15     | Entered Level 15 of the Dungeon
 28238 | D:15     | Found a staircase to the Depths.
 28528 | D:15     | Found a portal to a secret trove of treasure.
 29592 | D:15     | Learned a level 6 spell: Starburst
 29944 | Shoals:1 | Entered Level 1 of the Shoals
 29971 | Shoals:1 | Reached skill level 22 in Spellcasting
 30571 | Shoals:1 | Found Elouxeid's Assorted Antiques.
 30580 | Shoals:1 | Identified the +1 robe "Luxuleef" {*Corrode rPois rN+}
 30592 | Shoals:1 | Reached skill level 10 in Fire Magic
 30780 | Shoals:1 | Succumbed to a sea snake's poison

Illustrated notes

Levels and vault maps discovered:
D:1:      dpeg_arrival_circle_labyrinth_c, layout_rooms
D:2:      cheibrodos_fertilizer, layout_rooms, kennysheep_cross_bottleneck,
          chequers_serial_rivers_large_a, dk_noncrumbling_2
D:3:      layout_rooms, mainiacjoe_overflow_chevrons, serial_shops, shop,
          chequers_avenue, kennysheep_generic_room_15
D:4:      layout_rooms, mainiacjoe_overflow_24_doors, fedhas_altar_3,
          minmay_temple_entry_butterflies, serial_glass, glass_columns_b,
          glass_columns_a
D:5:      due_chaos_kobolds, layout_loops_cross, mainiacjoe_overflow_alcove_1,
          kennysheep_generic_room_2
D:6:      layout_loops_ring
D:7:      layout_rooms, serial_shops, shop, enter_ossuary_3, uniq_maggie
D:8:      layout_loops_ring, enter_bailey_7
D:9:      layout_rooms, minitemple
D:10:     minmay_goldmine, layout_basic, lair_entry_dummy, david_orc_1_choice,
          lightli_fourway_metalbox, uniq_urug
D:11:     layout_basic, serial_curves, eino_curves_01, eino_curves_03,
          serial_shops, shop_statue, uniq_nergalle, uniq_erica, uniq_sonja
D:12:     nzn_winding_woodlands_three_and_one
          [nzn_winding_woodlands_5x15_pockets,
          nzn_winding_woodlands_5x15_concentric,
          nzn_winding_woodlands_5x15_pathside_ponds,
          nzn_winding_woodlands_center_diamonds], layout_loops_corners
D:13:     layout_loops_cross, ximxim_vaults_locker_room, serial_shops,
          nicolae_shop_waterfront, kennysheep_generic_room_13
D:14:     gammafunk_sealed_library, layout_loops_cross, ebering_ghost_gozag,
          roderic_lattice_a, water_boxes_lemuel, uniq_roxanne, uniq_frances
D:15:     grunt_enter_depths_hoard, layout_gridville,
          nicolae_trove_entry_path_of_doom
Temple:   nicolae_temple_bog_church
Lair:1:   layout_misc_corridors, basic_altar, serial_bayou_pond_b,
          serial_bayou_shore_a, grunt_megastairs_4, serial_bayou_shore_b,
          lemuel_fruit_fields, lemuel_fruit_fields, uniq_fannar, uniq_joseph
Lair:2:   layout_misc_corridors, minmay_shoals_entry_centaurs,
          guppyfry_snake_entry_garden, minmay_holes, lemuel_fruit_fields,
          lemuel_fruit_tree
Lair:3:   layout_misc_corridors, gammafunk_ghost_wrathful_warriors,
          lemuel_fruit_fields
Lair:4:   layout_misc_corridors, dpeg_slime_entry_enclosed, minmay_hedge_maze,
          kennysheep_rathole, uniq_josephine
Lair:5:   gammafunk_lair_ancient_temple, layout_hall_layers, uniq_snorg
Shoals:1: layout_shoals, serial_shops, shop, nicolae_diamond_shop, shop,
          shop_statue, nicolae_shop_stone, minmay_shop_mass,
          nicolae_shoals_undead_eyrie
Orc:1:    layout_caves, trog_butcher_becter, uniq_maurice
Orc:2:    st_orc_congregation, layout_diamond_mine, serial_shops,
          nicolae_shop_tiny_statue_garden, nicolae_shop_gadgets

Skill      XL: |  1  2  3  4  5  6  7  8  9 10 11 12 13 14 15 |
---------------+----------------------------------------------+-----
Spellcasting   | 5 6 7 8 10 12 14 16 18 19 21 22 | 22.1
Fighting       | 1 2 3 4 6 8 10 11 | 11.4
Armour         | 1 2 3 4 6 7 8 9 |  9.0
Conjurations   | 2 3 4 5 7 8 9 11 12 13 | 13.5
Stealth        | 3 |  3.0
Dodging        | 3 |  3.0
Evocations     | 1 |  1.0
Air Magic      | 1 |  1.1
Poison Magic   | 1 |  1.2
Summonings     | 2 |  2.3
Earth Magic    | 1 3 5 7 8 9 |  9.7
Fire Magic     | 3 5 7 9 10 | 10.0
Translocations | |  1.1
Ice Magic      | |  0.7

Action                     |  1- 3 |  4- 6 |  7- 9 | 10-12 | 13-15 || total
---------------------------+-------+-------+-------+-------+-------++-------
  Melee: Dagger            |    31 |    19 |       |   265 |   608 ||   923
         Punch             |     1 |       |       |     6 |    15 ||    22
         Quarterstaff      |       |    40 |   218 |   177 |       ||   435
         Morningstar       |       |       |       |       |    17 ||    17
  Throw: Dart              |       |       |       |     6 |       ||     6
         Throwing net      |       |       |       |     1 |       ||     1
   Cast: Magic Dart        |   102 |   163 |   320 |   360 |    28 ||   973
         Call Imp          |     2 |       |     8 |    19 |       ||    29
         Mephitic Cloud    |       |     9 |    39 |   100 |   150 ||   298
         Blink             |       |       |     2 |    18 |    10 ||    30
         Lee's Rapid Decon |       |       |       |     3 |   189 ||   192
         Iskenderun's Myst |       |       |       |       |    96 ||    96
         Leda's Unmaking   |       |       |       |       |   167 ||   167
  Evoke: Wand              |       |       |     3 |    55 |     7 ||    65
    Use: Scroll            |       |       |       |    16 |     7 ||    23
   Stab: Confused          |       |     6 |    26 |    53 |    52 ||   137
         Sleeping          |       |     2 |       |       |       ||     2
 Armour: Robe              |     6 |    19 |    36 |       |       ||    61
         Swamp dragon scal |       |       |    17 |   166 |   321 ||   504
  Dodge: Dodged            |    44 |    56 |   162 |   213 |   305 ||   780

Table legend: (Time is in decaauts)
 A = Elapsed time spent in this place.
 B = Non-inter-level travel time spent in this place.
 C = Inter-level travel time spent in this place.
 D = Time resting spent in this place.
 E = Time spent auto-exploring this place.
 F = Levels seen in this place.
 G = Mean time per level.
                   A        B        C        D        E       F      G
               +--------+--------+--------+--------+--------+-----+--------+
         Total |  30964 |  29182 |   1782 |   2210 |  19779 |  26 | 1190.9 |
       Dungeon |  18655 |  17286 |   1369 |   1122 |  12465 |  15 | 1243.7 |
        Temple |    194 |    172 |     22 |      0 |     71 |   1 |  194.0 |
          Lair |   7223 |   6873 |    350 |    743 |   4690 |   5 | 1444.6 |
        Shoals |    707 |    707 |      0 |     30 |    518 |   1 |  707.0 |
  Orcish Mines |   2296 |   2257 |     39 |    215 |   1051 |   2 | 1148.0 |
       Ossuary |    836 |    836 |      0 |      0 |    640 |   1 |  836.0 |
        Bailey |   1050 |   1050 |      0 |    100 |    344 |   1 | 1050.0 |
               +--------+--------+--------+--------+--------+-----+--------+

Top non-repeatable levels by time:
  Lair:4: 2311 daAuts
    D:14: 1661 daAuts
     D:2: 1631 daAuts
    D:12: 1623 daAuts
    D:13: 1601 daAuts
    D:10: 1581 daAuts
   Orc:2: 1524 daAuts
    D:15: 1520 daAuts
  Lair:5: 1432 daAuts
     D:8: 1355 daAuts
     D:5: 1352 daAuts
     D:1: 1293 daAuts
  Lair:1: 1251 daAuts
  Lair:2: 1209 daAuts
  Bailey: 1050 daAuts
